 Dungeon Crawl Stone Soup version 0.23-a0-370-gf497b7c (webtiles) character file.

58 Gorice the Magician (level 4, -5/38 HPs)
             Began as a Gnoll Wanderer on Oct 24, 2018.
             Slain by an orc
             ... wielding a +0 flail
              (8 damage)
             ... on level 2 of the Dungeon.
             The game lasted 00:03:30 (2045 turns).

Gorice the Magician (Gnoll Wanderer)                Turns: 2045, Time: 00:03:30

Health: -5/38      AC:  5    Str: 13    XL:     4   Next: 1%
Magic:  13/13      EV: 10    Int: 14    God:
Gold:   64         SH:  0    Dex: 17    Spells: 17/17 levels left

rFire    . . .     SeeInvis .   d - +0 dagger
rCold    . . .     Gourm    .   (no shield)
rNeg     . . .     Faith    .   j - +0 ring mail
rPois    .         Spirit   .   (no helmet)
rElec    .         Reflect  .   (no cloak)
rCorr    .         Harm     .   (no gloves)
MR       .....                  (no boots)
Stlth    ++........             (no amulet)
HPRegen  0.12/turn              (no ring)
MPRegen  0.13/turn              (no ring)

@: no status effects
A: distributed training, fangs 1, strong nose
a: no special abilities


You were on level 2 of the Dungeon.
You were hungry.

You visited 1 branch of the dungeon, and saw 3 of its levels.

You collected 64 gold pieces.

Inventory:

Hand Weapons
 d - a +0 dagger (weapon)
Missiles
 e - 16 sling bullets
 i - 15 poisoned needles
 Y - 42 stones (quivered)
Armour
 c - a +0 robe
 j - a +0 ring mail (worn)
Scrolls
 a - a scroll of teleportation {!r}
Potions
 b - 2 potions of lignification {!q}
 h - a potion of degeneration {unknown}
 k - 2 potions of curing {unknown}
Comestibles
 f - 3 rations


   Skills:
 + Level 4.6 Fighting
 + Level 1.0 Short Blades
 + Level 1.0 Long Blades
 + Level 1.0 Axes
 + Level 2.6 Maces & Flails
 + Level 1.0 Polearms
 + Level 1.0 Staves
 + Level 1.0 Slings
 + Level 1.0 Bows
 + Level 1.0 Crossbows
 + Level 1.0 Throwing
 + Level 1.0 Armour
 + Level 1.0 Dodging
 + Level 2.4 Stealth
 + Level 1.0 Shields
 + Level 1.0 Unarmed Combat
 + Level 7.1 Spellcasting
 + Level 0.7 Conjurations
 + Level 2.1 Hexes
 + Level 0.7 Charms
 + Level 0.7 Summonings
 + Level 2.1 Necromancy
 + Level 0.7 Translocations
 + Level 0.7 Transmutations
 + Level 0.7 Fire Magic
 + Level 0.7 Ice Magic
 + Level 0.7 Air Magic
 + Level 0.7 Earth Magic
 + Level 0.7 Poison Magic
 + Level 1.0 Invocations
 + Level 2.6 Evocations


You had 17 spell levels left.
You didn't know any spells.
Your spell library contained the following spells:

 Spells                   Type           Power        Failure   Level  Hunger
 Slow                     Hex            ##......     19%         2    None
 Magic Dart               Conj           #...         22%         1    None
 Blink                    Tloc           N/A          32%         2    None
 Call Imp                 Summ           #.......     32%         2    None
 Conjure Flame            Conj/Fire      #.......     54%         3    ##.....
 Mephitic Cloud           Conj/Pois/Air  #.......     54%         3    ##.....


Dungeon Overview and Level Annotations

Branches:
Dungeon (3/15)

Altars:
Dithmenos
Zin

Annotations:
D:2 vpUX: Zin altar scrolls behind grille


Innate Abilities, Weirdness & Mutations

Your experience applies equally to all skills.
You have very sharp teeth.
Your uncanny sense of smell can sniff out nearby items.


Message History

You are too injured to fight recklessly!
You are too injured to fight recklessly!
You are too injured to fight recklessly!
You are too injured to fight recklessly!
You are too injured to fight recklessly!
You are too injured to fight recklessly!
You are too injured to fight recklessly!
You are too injured to fight recklessly!
You are too injured to fight recklessly!
You are too injured to fight recklessly!
You are too injured to fight recklessly!
You are too injured to fight recklessly!
You are too injured to fight recklessly!
You are too injured to fight recklessly!
You are too injured to fight recklessly!
You are too injured to fight recklessly!
You are too injured to fight recklessly!
You are too injured to fight recklessly!
You are too injured to fight recklessly!
You are too injured to fight recklessly!
You are too injured to fight recklessly!
You are too injured to fight recklessly!
You are too injured to fight recklessly!
You hit the orc but do no damage.
The orc is lightly wounded.
The orc barely misses you.
You closely miss the orc.
The orc is lightly wounded.
The orc hits you with a +0 flail.
* * * LOW HITPOINT WARNING * * *
You hit the orc. Your bite misses the orc.
The orc is heavily wounded.
The orc hits you with a +0 flail.
* * * LOW HITPOINT WARNING * * *
You closely miss the orc.
The orc is heavily wounded.
You hit the orc but do no damage.
The orc is heavily wounded.
The orc hits you with a +0 flail.
* * * LOW HITPOINT WARNING * * *
You closely miss the orc.
The orc is heavily wounded.
The orc hits you with a +0 flail!
* * * LOW HITPOINT WARNING * * *
Damage: 14 (max 14)
Your ring mail prevents you from hitting the orc.
You bite the orc, but do no damage.
The orc is heavily wounded.
The orc hits you with a +0 flail!
You die...

######## ##.#.#####
#<.....# ##.###.##..
######## #.####.# #.##
##.#.# #......#
#####.####.#
##.###....# #.####.#
#.......##.# ##.#.###.#
#.####.###.###.#.##.##
##.## #.# #.##.......#
#.#.##..## ### #.#
#.##.#.#####
#.o....#.## #..
#.##.#.# ###@....#.#
##. #......# ####...##
#. ####.### #######
##.######## #. #.##
#.....####........####.
###..###
#..(..##....#####......
#......#
#...................)..
#.##.#.#
#.....##....#..##......
#.##.#.#
#.....###.#.#=.##.####.
#.#..#.#
#########.........# #.


You could see an orc.

Vanquished Creatures
  2 adders (D:2)
  An ooze (D:1)
  A leopard gecko (D:1)
  3 giant cockroaches
  4 goblins
  7 hobgoblins
  A ball python (D:1)
  2 bats (D:2)
  5 frilled lizards
  4 kobolds
  5 rats
35 creatures vanquished.

Notes
Turn   | Place    | Note
-------+----------+-------------------------------------------
     0 | D:1      | Gorice the Gnoll Wanderer began the quest for the Orb.
     0 | D:1      | Gorice set off with: 2 potions of lignification {!q}, a +0
                  | robe, a +0 dagger, a ration
     0 | D:1      | Reached XP level 1. HP: 20/20 MP: 8/8
    56 | D:1      | HP: 6/20 [kobold (3)]
    62 | D:1      | HP: 4/20 [kobold (2)]
    64 | D:1      | HP: 1/20 [kobold (3)]
   467 | D:1      | Reached skill level 2 in Hexes
   467 | D:1      | Reached skill level 2 in Necromancy
   506 | D:1      | Reached XP level 2. HP: 23/26 MP: 10/10
   807 | D:1      | Reached XP level 3. HP: 21/31 MP: 11/11
  1245 | D:2      | Found a glowing silver altar of Zin.
  1367 | D:2      | Reached skill level 1 in Invocations
  1544 | D:2      | Reached skill level 1 in Short Blades
  1544 | D:2      | Reached skill level 1 in Long Blades
  1544 | D:2      | Reached skill level 1 in Axes
  1544 | D:2      | Reached skill level 1 in Polearms
  1544 | D:2      | Reached skill level 1 in Staves
  1544 | D:2      | Reached skill level 1 in Slings
  1544 | D:2      | Reached skill level 1 in Bows
  1544 | D:2      | Reached skill level 1 in Crossbows
  1544 | D:2      | Reached skill level 1 in Throwing
  1544 | D:2      | Reached skill level 1 in Armour
  1544 | D:2      | Reached skill level 1 in Dodging
  1544 | D:2      | Reached skill level 1 in Shields
  1544 | D:2      | Reached skill level 1 in Unarmed Combat
  1716 | D:2      | Reached XP level 4. HP: 35/38 MP: 13/13
  1802 | D:2      | Found a shadowy altar of Dithmenos.
  2043 | D:2      | HP: 10/38 [orc/+0 flail (3)]
  2044 | D:2      | HP: 3/38 [orc/+0 flail (7)]
  2045 | D:2      | Slain by an orc

Vault maps used:
D:1:      dpeg_arrival_simpleton_b, chequers_serial_rivers_room_a
D:2:      zin_scriptorium, lemuel_coloured_pillars_altar
D:3:      gammafunk_ghost_smash, st_stairs_1, uniq_grinder

Skill      XL: |  1  2  3 |
---------------+----------+-----
Hexes          | 2 |  2.1
Necromancy     | 2 |  2.1
Invocations    | 1 |  1.0
Short Blades   | 1 |  1.0
Long Blades    | 1 |  1.0
Axes           | 1 |  1.0
Polearms       | 1 |  1.0
Staves         | 1 |  1.0
Slings         | 1 |  1.0
Bows           | 1 |  1.0
Crossbows      | 1 |  1.0
Throwing       | 1 |  1.0
Armour         | 1 |  1.0
Dodging        | 1 |  1.0
Shields        | 1 |  1.0
Unarmed Combat | 1 |  1.0
Fighting       | |  4.6
Maces & Flails | |  2.6
Stealth        | |  2.4
Spellcasting   | |  7.1
Conjurations   | |  0.7
Charms         | |  0.7
Summonings     | |  0.7
Translocations | |  0.7
Transmutations | |  0.7
Fire Magic     | |  0.7
Ice Magic      | |  0.7
Air Magic      | |  0.7
Earth Magic    | |  0.7
Poison Magic   | |  0.7
Evocations     | |  2.6

Action                   |  1- 3 |  4- 6 || total
-------------------------+-------+-------++-------
Melee: Dagger            |   155 |    16 ||   171
       Bite              |    19 |     3 ||    22
  Use: Scroll            |     1 |     2 ||     3
 Stab: Sleeping          |    10 |       ||    10
  Eat: Chunk             |     2 |     1 ||     3
Armor: Robe              |    16 |       ||    16
       Ring mail         |    19 |     3 ||    22
Dodge: Dodged            |    70 |     6 ||    76

Table legend:
 A = Non-vault XP
 B = Vault XP
 C = Vault XP percentage of total XP
 D = Non-vault monster count
 E = Vault monster count
 F = Vault count percentage of total count
                 A         B        C        D         E       F
            +---------+---------+-------+---------+---------+-------
      Total |      83 |       0 |   0.0 |      35 |       0 |   0.0
            +---------+---------+-------+---------+---------+-------
        D:1 |      37 |       0 |   0.0 |      19 |       0 |   0.0
        D:2 |      46 |       0 |   0.0 |      16 |       0 |   0.0
            +---------+---------+-------+---------+---------+-------

Table legend:
 A = Turns spent in this place as a percentage of turns spent in the entire game.
 B = Non-inter-level travel turns spent in this place as a percentage of non-inter-level travel turns spent in the entire game.
 C = Inter-level travel turns spent in this place as a percentage of turns spent in this place.
 D = Turns resting spent in this place as a percentage of non-inter-level travel turns spent in this place.
 E = Turns spent auto-exploring this place as a percentage of non-inter-level travel turns spent in this place.
 F = Non-inter-level travel turns spent in this place divided by the number of levels of this place that you've seen.
                   A       B       C       D       E      F
               +-------+-------+-------+-------+-------+----------------------
         Total | 100.0 | 100.0 |   5.8 |  23.4 |  51.5 | 642.3
       Dungeon | 100.0 | 100.0 |   5.8 |  23.4 |  51.5 | 642.3
               +-------+-------+-------+-------+-------+----------------------

Vault maps used:
D:1:      dpeg_arrival_simpleton_b, chequers_serial_rivers_room_a
D:2:      zin_scriptorium, lemuel_coloured_pillars_altar
D:3:      gammafunk_ghost_smash, st_stairs_1, uniq_grinder
